 Dungeon Crawl Stone Soup version 0.30-a0-777-ga9a30cbeda (console) character file.

Game seed: 4698297303054960940

187 rlgrobin the Chopper (level 6, 0/51 HPs)
             Began as a Meteoran Fighter on Feb 15, 2023.
             Was a Follower of Fedhas.
             Splashed by a jelly's acid (7 damage)
             ... in a sewer.
             The game lasted 00:04:20 (663 turns).

rlgrobin the Chopper (Meteoran Fighter)              Turns: 663, Time: 00:04:21

Health: 0/51       AC:  0    Str: 20    XL:     6   Next: 20%
Magic:  7/7        EV:  5    Int:  9    God:    Fedhas [*.....]
Gold:   78         SH:  5    Dex: 14    Spells: 5/5 levels left

rFire   . . .      SeeInvis .    a - +0 war axe
rCold   . . .      Faith    .    c - +0 buckler
rNeg    . . .      Spirit   .    e - +0 plate armour {rPois}
rPois   +          Reflect  .    f - +0 helmet
rElec   .          Harm     .    (no cloak)
rCorr   .          Rampage  .    (no gloves)
Will    .....                    (no boots) Stlth
                                 (no amulet)
HPRegen 0.28/turn                (no ring)
MPRegen 0.10/turn                (no ring)

@: corroded, glowing
A: sense surroundings 1, otherworldly, glowing, explore regen
a: Renounce Religion


You were in a sewer.
You worshipped Fedhas.
Fedhas was aware of your devotion.
You visited 1 branch of the dungeon, and saw 4 of its levels.
You also visited: Sewer.

You collected 78 gold pieces.

Inventory:

Hand Weapons
 a - a +0 war axe (weapon)
Armour
 c - a +0 buckler (worn)
 e - a +0 plate armour of poison resistance (worn)
 f - a +0 helmet (worn)
Scrolls
 h - a scroll of poison {unknown}
Potions
 b - a potion of berserk rage {unknown}
 d - 2 potions of might
 g - 2 potions of heal wounds {unknown}
 i - a potion of ambrosia {unknown}
 j - a potion of lignification {unknown}


   Skills:
 - Level 3.2 Fighting
 + Level 6.9 Axes
 - Level 3.6 Armour
 - Level 3.6 Shields


You had 5 spell levels left.
You didn't know any spells.
Your spell library was empty.

Dungeon Overview and Level Annotations

Branches:
Dungeon (4/15) Zot: 1859    Sewer (1/1) Zot: 417
 Temple: D:4-7

Altars:
Fedhas
Nemelex Xobeh


Innate Abilities, Weirdness & Mutations

You passively map a small area around you.
You are easily found by Zot.
You glow in the dark.
You regain HP and MP as you explore.


Message History

The river rat is lightly wounded.
You block the river rat's attack.
You barely miss the river rat.
The river rat is lightly wounded.
The river rat bites you!
You slash the river rat!
You kill the river rat!
Fedhas appreciates your contribution to the ecosystem.
A worm comes into view.
A jelly comes into view.
You hit the jelly. The acid corrodes you!
Your hands burn!
The jelly is moderately wounded.
The jelly hits you but does no damage.
You hit the jelly. The acid corrodes you!
Your hands burn!
The jelly is moderately wounded.
The jelly hits you.
You are splashed with acid!
You slash the jelly!
Your hands burn!
The jelly is severely wounded.
The jelly hits you but does no damage.
You completely miss the jelly.
The jelly is severely wounded.
The jelly hits you but does no damage.
You hit the jelly but do no damage.
Your hands burn!
The jelly is severely wounded.
The jelly barely misses you.
You are too injured to fight recklessly!
You are too injured to fight recklessly!
You hit the jelly.
Your hands burn!
The jelly is almost dead.
The jelly hits you. The acid corrodes you!
You are splashed with acid!
* * * LOW HITPOINT WARNING * * *
You block the jelly's attack.
You hit the jelly but do no damage. The acid corrodes you!
Your hands burn!
* * * LOW HITPOINT WARNING * * *
The jelly is severely wounded.
The jelly hits you.
* * * LOW HITPOINT WARNING * * *
The acid corrodes you!
You are splashed with acid!
You die...
Fedhas appreciates your contribution to the ecosystem.

#.~~.†...# #.~ #~......~#
#.. ########## #.. #####
##~~ ##.~~## #.†.
#...~~## ##†~#
#~~#...####.~.#
####~†##..##..~..#
##@....~####†..~.##
*#Jw~~.~.~##~†~~####
#~~~.~.###...~~~.##..#
#~~.~.~## ##~~...##~~.#
~...~##.~#.?.##.~~.#.~.##
* ....#
#~.##.~.~~~~.##...# ....
#~~~##..~~.~~.##.~~ ~..
##∩~.~~~~~~#.~~#†~~ ## ~
* ##~~~.#~..##..~~.#


You could see a worm and a jelly.

Vanquished Creatures
  A jelly (Sewer)
  Natasha (D:3)
  An orc wizard (D:3)
  Robin (D:3)
  A river rat (Sewer)
  3 adders
  A dart slug (D:4)
  4 orcs (D:3)
  4 endoplasms
  9 giant cockroaches
  10 goblins (D:3)
  3 hobgoblins
  A quokka (D:4)
  4 ball pythons (Sewer)
  7 frilled lizards
  2 rats
53 creatures vanquished.

Vanquished Creatures (others)
  5 plants (D:1)
5 creatures vanquished.

Grand Total: 58 creatures vanquished

Notes
Turn   | Place    | Note
-------+----------+-------------------------------------------
     0 | D:1      | rlgrobin the Meteoran Fighter began the quest for the Orb.
     0 | D:1      | Reached XP level 1. HP: 19/19 MP: 2/2
    39 | D:2      | Reached skill level 3 in Axes
    39 | D:2      | Reached XP level 2. HP: 3/26 MP: 3/3
   130 | D:3      | Noticed Robin
   131 | D:3      | Reached XP level 3. HP: 28/31 MP: 4/4
   138 | D:3      | Reached skill level 4 in Axes
   138 | D:3      | Killed Robin
   170 | D:3      | Reached XP level 4. HP: 37/38 MP: 5/5
   216 | D:3      | Found a sparkling altar of Nemelex Xobeh.
   221 | D:3      | Reached skill level 5 in Axes
   242 | D:3      | Reached XP level 5. HP: 41/45 MP: 6/6
   276 | D:3      | Found a blossoming altar of Fedhas.
   277 | D:3      | Noticed Natasha
   287 | D:3      | Killed Natasha
   294 | D:3      | Became a worshipper of Fedhas Madash
   460 | D:4      | Reached skill level 6 in Axes
   486 | D:4      | Found a glowing drain.
   508 | Sewer    | Entered a sewer
   581 | Sewer    | Reached * piety under Fedhas
   627 | Sewer    | Reached XP level 6. HP: 42/51 MP: 7/7
   663 | Sewer    | Splashed by a jelly's acid

Illustrated notes

Levels and vault maps discovered:
D:1:      roderic_crop_circles_arrival_small, layout_rooms, minmay_pentomino_z4
D:2:      layout_loops_corners, grunt_ministairs_6, minmay_cupped
D:3:      layout_loops_ring, old_standard_altar, old_standard_altar,
          minmay_misc_feat_four_crosses, uniq_natasha, uniq_grinder,
          uniq_sigmund, uniq_robin
D:4:      layout_loops_ring, mainiacjoe_overflow_small_starburst,
          mainiacjoe_overflow_tiny_flanked, biasface_ghost_orc_armoury,
          gup_sewer_entry_pipe
Sewer:    sewer_hellmonk_slimy_pipes

Skill      XL: |  1  2  3  4  5 |
---------------+----------------+-----
Axes           | 3 4 5 6 |  6.9
Fighting       | |  3.2
Armour         | |  3.6
Shields        | |  3.6

Action                     |  1- 3 |  4- 6 || total
---------------------------+-------+-------++-------
  Melee: War axe           |    30 |   106 ||   136
    Use: Potion            |     1 |       ||     1
         Scroll            |       |     3 ||     3
 Armour: Scale mail        |     6 |       ||     6
         Plate armour      |     8 |   107 ||   115
  Dodge: Dodged            |     9 |    25 ||    34
  Block: Buckler           |     7 |    23 ||    30

Table legend: (Time is in decaauts)
 A = Elapsed time spent in this place.
 B = Non-inter-level travel time spent in this place.
 C = Inter-level travel time spent in this place.
 D = Time resting spent in this place.
 E = Time spent auto-exploring this place.
 F = Levels seen in this place.
 G = Mean time per level.
                   A        B        C        D        E       F      G
               +--------+--------+--------+--------+--------+-----+--------+
         Total |    722 |    722 |      0 |      0 |      0 |   5 |  144.4 |
       Dungeon |    540 |    540 |      0 |      0 |      0 |   4 |  135.0 |
         Sewer |    181 |    181 |      0 |      0 |      0 |   1 |  181.0 |
               +--------+--------+--------+--------+--------+-----+--------+

Top non-repeatable levels by time:
     D:3: 280 daAuts
   Sewer: 181 daAuts
     D:4: 137 daAuts
     D:2: 96 daAuts
     D:1: 25 daAuts
